 Dungeon Crawl Stone Soup version 0.25.0-11-g1f837a76a1 (webtiles) character file.

Game seed: 15001812989420802458

342 Delamore the Chopper (level 6, 0/47 HPs)
             Began as a Formicid Fighter on June 24, 2020.
             Slain by an ogre
             ... wielding a +0 giant club
              (6 damage)
             ... on level 5 of the Dungeon.
             The game lasted 00:03:15 (3515 turns).

Delamore the Chopper (Formicid Fighter)             Turns: 3515, Time: 00:03:15

Health: 0/47       AC:  5    Str: 22 (23) XL:     6   Next: 88%
Magic:  6/6        EV:  9    Int:  6 (7)  God:
Gold:   287        SH:  9    Dex:  8      Spells: 5/5 levels left

rFire    x . .     SeeInvis +   a - +0 war axe
rCold    + . .     Gourm    .   c - +0 kite shield
rNeg     . . .     Faith    .   l - +2 leather armour "Viggelei" {rF- rC+ Regen+ SInv}
rPois    +         Spirit   .   (helmet unavailable)
rElec    .         Reflect  .   (no cloak)
rCorr    .         Harm     .   (no gloves)
MR       +....                  (no boots)
Stlth    +.........             (no amulet)
HPRegen  0.55/turn              o - ring of poison resistance
MPRegen  0.10/turn              (no ring)

@: no status effects
A: permanent stasis, dig shafts and tunnels, four strong arms, antennae 3,
talons 1, clumsy 1, magic resistance 1
a: Dig, Shaft Self


You were on level 5 of the Dungeon.
You were not hungry.

You visited 2 branches of the dungeon, and saw 6 of its levels.

You collected 287 gold pieces.

Inventory:

Hand Weapons
 a - a +0 war axe (weapon)
Armour
 c - a +0 kite shield (worn)
 l - the +2 leather armour "Viggelei" (worn) {rF- rC+ Regen+ SInv}
   (You found it on level 4 of the Dungeon)

   It makes you vulnerable to fire.
   It protects you from cold.
   It lets you see invisible.
   It increases your rate of regeneration.
Jewellery
 o - a ring of poison resistance (left hand)
Wands
 m - a wand of digging (7)
Scrolls
 b - a scroll of identify {unknown}
 g - 3 scrolls of blinking
 j - a scroll of magic mapping {unknown}
 k - a scroll of amnesia {unknown}
Potions
 d - 2 potions of might
 i - a potion of curing
Comestibles
 f - 7 rations


   Skills:
 - Level 3.2 Fighting
 + Level 6.8 Axes
 - Level 3.2 Armour
 - Level 3.6 Shields


You had 5 spell levels left.
You didn't know any spells.
Your spell library was empty.

Dungeon Overview and Level Annotations

Branches:
Dungeon (5/15)             Temple (1/1) D:4

Altars:
Ashenzari
Cheibriados
Elyvilon
Fedhas
Gozag
Hepliaklqana
Makhleb
Qazlal
Ru
Sif Muna
Uskayaw
Vehumet
Wu Jian
Xom
Yredelemnul
Zin
The Shining One
Lugonu


Innate Abilities, Weirdness & Mutations

You cannot be hasted, slowed, berserked, paralysed or teleported.
You can dig through walls and to a lower floor.
Your four strong arms can wield two-handed weapons with a shield.
You have a pair of large antennae on your head. (SInv)
You have sharp toenails.
You are clumsy. (Dex -2)
You are resistant to hostile enchantments. (MR+)


Message History

A hound comes into view.
The hound barks!
You block the hound's attack. Blork the orc casts a spell at you.
The puff of flame hits you! The fire burns you terribly!
* * * LOW HITPOINT WARNING * * *
You barely miss Blork the orc.
Blork the orc is almost dead.
You completely miss the hound. You block the hound's attack.
Blork the orc hits you but does no damage.
You block the hound's attack.
Blork the orc screams, "I'll crush all your ribs!
One by one!"
Blork the orc casts a cantrip, but nothing happens.
You barely miss Blork the orc. You claw Blork the orc.
You kill Blork the orc!
You feel your strength returning.
You closely miss the hound. The hound barely misses you. The hound bites you.
* * * LOW HITPOINT WARNING * * *
The ogre hits you with a +0 giant club.
You die...

#.# #.# # #.#
...###.#########
#..............
#..<.....#
#.######.#
####h## .>#@#.#
#.##O## ###.##.#
....#.# #..#.#
#.>#.###
#......#
#..".###
#........## { {


You could see an ogre and a hound.

Vanquished Creatures
  Blork the orc (D:5)
  A scorpion (D:4)
  A bullfrog skeleton (D:4)
  An orc wizard (D:4)
  A worker ant (D:4)
  2 hound skeletons (D:4)
  5 adders
  3 oozes
  A worm (D:2)
  2 dart slugs (D:1)
  A leopard gecko (D:4)
  4 orcs
  A giant cockroach (D:2)
  3 goblins
  5 hobgoblins
  6 jackals
  8 kobolds
  A quokka (D:3)
  A ball python (D:2)
  9 bats
  3 frilled lizards
  6 rats
66 creatures vanquished.

Notes
Turn   | Place    | Note
-------+----------+-------------------------------------------
     0 | D:1      | Delamore the Formicid Fighter began the quest for the Orb.
     0 | D:1      | Reached XP level 1. HP: 18/18 MP: 1/1
    71 | D:1      | Reached XP level 2. HP: 24/24 MP: 2/2
   114 | D:1      | Reached skill level 3 in Axes
   189 | D:1      | Found a glowing golden altar of the Shining One.
   254 | D:1      | Reached XP level 3. HP: 29/29 MP: 3/3
   617 | D:2      | Found an opulent altar of Gozag.
   766 | D:2      | Reached skill level 4 in Axes
   766 | D:2      | Reached XP level 4. HP: 35/35 MP: 4/4
   781 | D:2      | Found an ornate altar of the Wu Jian Council.
  1803 | D:3      | Found a burning altar of Makhleb.
  1805 | D:3      | Found a glowing silver altar of Zin.
  1805 | D:3      | Noticed an angel
  1806 | D:3      | Noticed a balrug
  1871 | D:3      | Found a shattered altar of Ashenzari.
  2030 | D:3      | Found a shimmering blue altar of Sif Muna.
  2071 | D:3      | Reached XP level 5. HP: 30/41 MP: 5/5
  2638 | D:3      | Found a blossoming altar of Fedhas.
  2697 | D:4      | Reached skill level 5 in Axes
  2732 | D:4      | Got a twisted leather armour
  2743 | D:4      | Identified the +2 leather armour "Viggelei" {rF- rC+ Regen+
                  | SInv} (You found it on level 4 of the Dungeon)
  2907 | D:4      | Reached XP level 6. HP: 47/47 MP: 6/6
  2976 | D:4      | Found a staircase to the Ecumenical Temple.
  2993 | Temple   | Entered the Ecumenical Temple
  3110 | D:4      | HP: 1/47 [scorpion (8)]
  3113 | D:4      | Gained mutation: You have sharp toenails. [potion of
                  | mutation]
  3113 | D:4      | Gained mutation: You are clumsy. (Dex -2) [potion of
                  | mutation]
  3113 | D:4      | Gained mutation: You are resistant to hostile enchantments.
                  | (MR+) [potion of mutation]
  3116 | D:4      | Reached skill level 6 in Axes
  3480 | D:5      | Entered Level 5 of the Dungeon
  3489 | D:5      | Noticed Blork the orc
  3501 | D:5      | Noticed an ogre
  3515 | D:5      | Killed Blork the orc
  3515 | D:5      | Slain by an ogre

Illustrated notes

Levels and vault maps discovered:
D:1:      minmay_arrival_glassed_features, layout_basic, tso_altar
D:2:      layout_loops_corners, lemuel_round_altar, lemuel_doored_altar,
          serial_bayou_pond_c
D:3:      layout_basic, grunt_temple_overflow_order_and_chaos_2,
          lemuel_coloured_pillars_altar, fedhas_altar_4, lemuel_crystal_altar
D:4:      layout_cave_pools, minmay_temple_entry_gardened_gates, first_ration,
          minmay_fractal_squares_5
D:5:      layout_loops_ring, ebering_ghost_gozag, uniq_blork_the_orc
Temple:   corrupted_temple

Skill      XL: |  1  2  3  4  5  6 |
---------------+-------------------+-----
Axes           | 3 4 5 6 |  6.8
Fighting       | |  3.2
Armour         | |  3.2
Shields        | |  3.6

Action                   |  1- 3 |  4- 6 || total
-------------------------+-------+-------++-------
Melee: War axe           |    88 |   138 ||   226
       Kick              |       |     6 ||     6
 Abil: Dig               |     1 |       ||     1
  Use: Scroll            |     1 |       ||     1
       Potion            |       |     4 ||     4
  Eat: Chunk             |       |     6 ||     6
       Ration            |       |     1 ||     1
Armor: Scale mail        |    51 |    28 ||    79
       Leather armour    |       |    12 ||    12
       Skin              |       |     1 ||     1
Dodge: Dodged            |    29 |    39 ||    68
Block: Kite shield       |    67 |    79 ||   146
